 Dungeon Crawl Stone Soup version 0.31-a0-222-gefeffbb62a (webtiles) character file.

Game seed: 14923468153503645187

55 qw the Shooter (level 3, -2/21 HPs)
             Began as a Gargoyle Hexslinger on July 4, 2023.
             Slain by an iguana (5 damage)
             ... on level 3 of the Dungeon.
             The game lasted 00:00:34 (1232 turns).

qw the Shooter (Gargoyle Hexslinger)                Turns: 1232, Time: 00:00:35

Health: -2/21      AC:  9    Str: 11    XL:     3   Next: 93%
Magic:  4/4        EV: 10    Int: 13    God:
Gold:   144        SH:  5    Dex: 14    Spells: 3/4 levels left

rFire   . . .        Y - +1 sling
rCold   . . .        (no shield)
rNeg    + . .        b - +0 ring mail
rPois   inf          (no helmet)
rElec   +            e - +0 cloak
rCorr   .            (no gloves)
SInv    .            (no boots)
Will    .....        a - amulet of reflection
Stlth   +            (no ring)
HPRegen 0.23/turn    (no ring)
MPRegen 0.09/turn

%: reflection
@: no status effects
A: sickness immunity, AC +3, negative energy resistance 1, electricity
resistance, torment resistance 1, petrification resistance
a: no special abilities


You were on level 3 of the Dungeon.
You visited 1 branch of the dungeon, and saw 4 of its levels.

You collected 144 gold pieces.


Innate Abilities, Weirdness & Mutations

You are immune to sickness and miasma.
Your stone body is resilient. (AC +3)
You are immune to poison.
You resist negative energy. (rN+)
You are resistant to electric shocks. (rElec)
You are resistant to unholy torment.
You are immune to petrification.


   Skills:
 - Level 2.0 Fighting
 - Level 3.6 Ranged Weapons
 + Level 0.7 Armour
 - Level 1.5 Dodging
 - Level 1.0 Spellcasting
 - Level 2.6 Hexes


You had 3 spell levels left.
You knew the following spells:

 Your Spells              Type           Power      Damage    Failure   Level
a - Slow                  Hex            28%        N/A       22%         1

Your spell library contained the following spells:

 Spells                   Type           Power      Damage    Failure   Level
 Inner Flame              Hex/Fire       4%         N/A       75%         3
 Portal Projectile        Hex/Tloc       8%         N/A       75%         3
 Cause Fear               Hex            3%         N/A       92%         4

Inventory:

Hand Weapons
 Y - a +1 sling (weapon)
Armour
 b - a +0 ring mail (worn)
 e - a +0 cloak (worn)
Jewellery
 a - an amulet of reflection (around neck)
 c - an amulet of the acrobat
Potions
 d - 3 potions of might
 f - a potion of degeneration {unknown}
 i - 2 potions of curing {unknown}
 j - a potion of mutation {unknown}

Dungeon Overview and Level Annotations

Branches:
Dungeon (4/15)
 Temple: D:4-7

Altars:
Hepliaklqana


Message History

The iguana is lightly wounded.
The iguana bites you. The iguana barely misses you.
You shoot a sling bullet. The sling bullet hits the iguana.
The iguana is lightly wounded.
The iguana bites you.
You shoot a sling bullet. The sling bullet hits the iguana.
The iguana is heavily wounded.
The iguana bites you but does no damage.
You shoot a sling bullet.
The sling bullet closely misses the iguana.
The iguana misses you. The iguana closely misses you.
You shoot a sling bullet.
The sling bullet barely misses the iguana.
You block the iguana's attack.
You shoot a sling bullet.
The sling bullet barely misses the iguana.
The iguana bites you!
Ouch! That really hurt!
1227 ||| DRINKING potion of heal wounds.
You feel much better. The iguana misses you.
You shoot a sling bullet.
The sling bullet barely misses the iguana.
The iguana bites you but does no damage.
The iguana bites you.
You shoot a sling bullet. The sling bullet hits the iguana.
The iguana is heavily wounded.
The iguana bites you.
You shoot a sling bullet.
The sling bullet hits the iguana but does no damage.
The iguana is heavily wounded.
The iguana bites you.
You shoot a sling bullet.
The sling bullet barely misses the iguana.
The iguana bites you. The iguana closely misses you.
You shoot a sling bullet.
The sling bullet hits the iguana but does no damage.
The iguana is heavily wounded.
The iguana bites you.
You die...

..... ... ..# ...
..# ... ..# #.#
..# ...####.# ..#
#$...=.l##..# #
#@##..##.#
#......#.#
###......###
#.........
#......####
#######..........
.............##
##.#####.....# #.
##.####


You could see an iguana.

Vanquished Creatures
  An adder (D:2)
  2 worms
  2 dart slugs
  6 ball pythons
  7 bats (D:1)
  An endoplasm (D:2)
  3 goblins
  4 hobgoblins
  2 quokkas
  4 frilled lizards
  2 kobolds (D:1)
34 creatures vanquished.

Notes
Turn   | Place    | Note
-------+----------+-------------------------------------------
     0 | D:1      | qw the Gargoyle Hexslinger began the quest for the Orb.
     0 | D:1      | Reached XP level 1. HP: 12/12 MP: 2/2
     0 | D:1      | 0 ||| qw: Version: 0.3-a-46-gb1f654a
     0 | D:1      | 0 ||| qw: Game counter: 888
     0 | D:1      | 0 ||| qw: Melee chars always use a shield: true
     0 | D:1      | 0 ||| qw: God list: Okawaru
     0 | D:1      | 0 ||| qw: Allow faded altars: false
     0 | D:1      | 0 ||| qw: Do Orc after clearing Dungeon:15 true
     0 | D:1      | 0 ||| qw: Do second Lair branch before Depths: true
     0 | D:1      | 0 ||| qw: Lair rune preference: random
     0 | D:1      | 0 ||| qw: Goals: Normal
     0 | D:1      | 0 ||| PLANNING D:1-11
   154 | D:1      | Reached XP level 2. HP: 16/16 MP: 3/3
   236 | D:1      | 236 ||| FLEEEEING.
   246 | D:1      | Reached skill level 3 in Ranged Weapons
   527 | D:1      | Reached XP level 3. HP: 19/21 MP: 4/4
   718 | D:1      | 718 ||| UPGRADING to +0 cloak.
   723 | D:1      | 723 ||| READING scroll labelled BEQUZAMAEW.
   726 | D:1      | 726 ||| READING scroll labelled SOVOGI IXUW.
   727 | D:1      | 727 ||| READING scroll labelled FUUVVE PANE.
   728 | D:1      | 728 ||| DRINKING 2 fizzy inky potions.
   729 | D:1      | 729 ||| DRINKING 2 black potions.
   730 | D:1      | 730 ||| DROPPING scroll of poison.
   964 | D:2      | Found a hazy altar of Hepliaklqana.
  1024 | D:2      | You fall into a shaft and drop 2 floors!
  1108 | D:4      | 1108 ||| UPGRADING to +0 ring mail.
  1118 | D:4      | 1118 ||| DROPPING +0 robe.
  1119 | D:4      | 1119 ||| UPGRADING to amulet of reflection.
  1124 | D:4      | 1124 ||| READING scroll labelled QOZINT FIFOTS.
  1125 | D:4      | 1125 ||| READING scroll labelled SEYCOCRAER.
  1126 | D:4      | 1126 ||| READING scroll labelled DOFRIXKAAFO.
  1226 | D:3      | HP: 1/21 [iguana (11)]
  1227 | D:3      | 1227 ||| DRINKING potion of heal wounds.
  1231 | D:3      | HP: 3/21 [iguana (4)]
  1232 | D:3      | Slain by an iguana

Levels and vault maps discovered:
D:1:      saegor_arrival_simple_b, layout_basic
D:2:      layout_rooms, minmay_hexomino_r4
D:3:      layout_loops_ring, serial_shops, shop, nicolae_ecumenical_pavilion
D:4:      layout_basic, minmay_temple_entry_tees, serial_shops,
          nicolae_stop_n_shop_1, nicolae_elevator_lobby_plus

Skill      XL: |  1  2 |
---------------+-------+-----
Ranged Weapons | 3 |  3.6
Fighting       | 2 |  2.0
Armour         | |  0.7
Dodging        | |  1.5
Spellcasting   | |  1.0
Hexes          | |  2.6

Action                     || total
---------------------------++-------
   Fire: Sling             ||   129
    Use: Scroll            ||     6
         Potion            ||     3
 Armour: Robe              ||    15
         Ring mail         ||     3
  Dodge: Dodged            ||    38
  Block: Other             ||     1

Table legend:
 A = Non-vault XP
 B = Vault XP
 C = Vault XP percentage of total XP
 D = Non-vault monster count
 E = Vault monster count
 F = Vault count percentage of total count
                 A         B        C        D         E       F
            +---------+---------+-------+---------+---------+-------
      Total |      70 |       9 |  11.4 |      30 |       4 |  11.8
            +---------+---------+-------+---------+---------+-------
        D:1 |      35 |       0 |   0.0 |      19 |       0 |   0.0
        D:2 |      19 |       9 |  32.1 |       5 |       4 |  44.4
        D:3 |      10 |       0 |   0.0 |       4 |       0 |   0.0
        D:4 |       6 |       0 |   0.0 |       2 |       0 |   0.0
            +---------+---------+-------+---------+---------+-------
